 Dungeon Crawl Stone Soup version bcrawl-1.21.3-2-g9d8a61a446 (webtiles) character file.

Game seed: 17246760898222704518

333 Freyura the Skirmisher (level 6, -3/56 HPs)
             Began as a Hill Orc Fighter on Apr 25, 2020.
             Was a Believer of Okawaru.
             Slain by a sky beast (5 damage)
             ... on level 4 of the Dungeon.
             The game lasted 00:06:10 (2853 turns).

Freyura the Skirmisher (Hill Orc Fighter)           Turns: 2853, Time: 00:06:11

Health: -3/56      AC:  7    Str: 19    XL:     6   Next: 52%
Magic:  8/8        EV:  7    Int:  8    God:    Okawaru [**....]
Gold:   267        SH:  9    Dex: 12    Spells: 5/5 levels left

rFire    . . .     SeeInvis .   a - +1 flail
rCold    + . .     Gourm    .   c - +0 medium shield
rNeg     . . .     Faith    +   b - +0 scale mail
rPois    .         Spirit   .   (no helmet)
rElec    .         Reflect  .   (no cloak)
rCorr    .         Harm     .   (no gloves)
MR       .....                  (no boots)
Stlth    ++........             g - amulet of faith
HPRegen  0.18/turn              n - ring of stealth
MPRegen  0.11/turn              h - ring of protection from cold

@: no status effects
A: no striking features
a: Heroism, Renounce Religion


You were on level 4 of the Dungeon.
You worshipped Okawaru.
Okawaru was pleased with you.
You were not hungry.

You visited 1 branch of the dungeon, and saw 4 of its levels.

You collected 267 gold pieces.

Inventory:

Hand Weapons
 a - a +1 flail (weapon)
Armour
 b - a +0 scale mail (worn)
 c - a +0 medium shield (worn)
Jewellery
 g - an amulet of faith (around neck)
 h - a ring of protection from cold (right hand)
 n - a ring of stealth (left hand)
Scrolls
 d - 2 scrolls of identify
 l - a scroll of magic mapping
Potions
 f - a potion of haste {unknown}
 i - 2 potions of heal wounds {unknown}
 k - a potion of mutation {unknown}
 m - a potion of berserk rage {unknown}
Comestibles
 e - 6 rations {!d}


   Skills:
 * Level 5.4 Fighting
   Level 5.4 Short Blades
   Level 5.4 Long Blades
   Level 5.4 Axes
   Level 5.4 Maces & Flails
   Level 5.4 Polearms
   Level 5.4 Staves
 + Level 4.6 Armour
 + Level 4.5 Shields
   Level 5.4 Unarmed Combat
 + Level 3.2 Invocations


You had 5 spell levels left.
You didn't know any spells.
Your spell library was empty.

Dungeon Overview and Level Annotations

Branches:
Dungeon (4/12)
 Temple: D:4-7

Altars:
Cheibriados
Kikubaaqudgha
Okawaru
Ru

Annotations:
D:4 Robin


Message History

You block the sky beast's attack. The crimson imp puffs mist at you.
The sky beast flickers out of sight!
Deactivating autopickup; reactivate with Ctrl-A.
Something hits you. Something shocks you.
You barely miss something. Something hits you.
* * * LOW HITPOINT WARNING * * *
Something shocks you.
* * * LOW HITPOINT WARNING * * *
Your shield and scale mail prevent you from hitting something.
You block something's attack.
You hit something. You block something's attack.
You miss something. Something hits you but does no damage. Something hits you.
* * * LOW HITPOINT WARNING * * *
Something shocks you.
* * * LOW HITPOINT WARNING * * *
You miss something. Something hits you.
* * * LOW HITPOINT WARNING * * *
Something shocks you.
You die...

... #.. #..####
#..... #....#
<.####.5l#
..[...Zhh#
#.###..#{#
#.##@# #<##.#
#.##.# #.##[#
#.##.# #.##.#
#.##.######
#.###...........
#.....#..####.##


You could see a crimson imp, a leopard gecko and 2 jackals.

Vanquished Creatures
  Sigmund (D:3)
  A crimson imp (D:3)
  An iguana (D:3)
  Terence (D:2)
  An orc wizard (D:3)
  5 adders (D:3)
  A worm (D:2)
  A dart slug (D:3)
  A giant cockroach (D:3)
  4 goblins
  5 hobgoblins
  A jackal (D:3)
  4 kobolds
  2 bats
  A frilled lizard (D:3)
  2 rats (D:3)
32 creatures vanquished.

Notes
Turn   | Place    | Note
-------+----------+-------------------------------------------
     0 | D:1      | Freyura the Hill Orc Fighter began the quest for the Orb.
     0 | D:1      | Reached XP level 1. HP: 20/20 MP: 1/1
   454 | D:2      | Found an iron altar of Okawaru.
   466 | D:2      | Became a worshipper of Warmaster Okawaru
   511 | D:2      | Reached XP level 2. HP: 27/27 MP: 2/2
   566 | D:2      | Found a snail-covered altar of Cheibriados.
  1441 | D:2      | Noticed Terence
  1457 | D:2      | Killed Terence
  1457 | D:2      | Reached skill level 1 in Invocations
  1457 | D:2      | Reached XP level 3. HP: 5/34 MP: 3/3
  2007 | D:3      | Reached * piety under Okawaru
  2007 | D:3      | Reached XP level 4. HP: 36/41 MP: 3/5
  2173 | D:3      | Noticed Sigmund
  2182 | D:3      | Killed Sigmund
  2182 | D:3      | Reached ** piety under Okawaru
  2182 | D:3      | Reached skill level 5 in Fighting
  2182 | D:3      | Reached XP level 5. HP: 18/48 MP: 5/7
  2182 | D:3      | Reached XP level 6. HP: 21/56 MP: 5/8
  2468 | D:3      | Found an ancient bone altar of Kikubaaqudgha.
  2633 | D:3      | Found a sacrificial altar of Ru.
  2828 | D:4      | Noticed a sky beast
  2831 | D:4      | Noticed Robin
  2853 | D:4      | HP: 2/56 [something (1)]
  2853 | D:4      | Slain by a sky beast

Skill      XL: |  1  2  3  4  5  6 |
---------------+-------------------+-----
Invocations    | 1 2 3 |  3.2
Fighting       | 5 |  5.4
Armour         | 4 |  4.6
Shields        | 4 |  4.5
Short Blades   | |  5.4
Long Blades    | |  5.4
Axes           | |  5.4
Maces & Flails | |  5.4
Polearms       | |  5.4
Staves         | |  5.4
Unarmed Combat | |  5.4

Action                   |  1- 3 |  4- 6 || total
-------------------------+-------+-------++-------
Melee: Flail             |    77 |    89 ||   166
  Use: Scroll            |     4 |     2 ||     6
       Potion            |       |     1 ||     1
 Stab: Sleeping          |       |     3 ||     3
  Eat: Chunk             |     3 |     3 ||     6
Armor: Scale mail        |    36 |    18 ||    54
Dodge: Dodged            |    26 |    24 ||    50
Block: Medium shield     |    29 |    41 ||    70
